 Dungeon Crawl Stone Soup version 0.23.2-30-g0e89c35649 (webtiles) character file.

Game seed: 17277271370020160290

28 troglodite the Conjurer (level 3, 0/19 HPs)
             Began as a Deep Elf Conjurer on June 24, 2019.
             Was an Initiate of Makhleb.
             Slain by a gnoll
             ... wielding a +0 whip
              (4 damage)
             ... on level 2 of the Dungeon.
             The game lasted 00:05:22 (959 turns).

troglodite the Conjurer (Deep Elf Conjurer)          Turns: 959, Time: 00:05:22

Health: 0/19       AC:  2    Str:  5    XL:     3   Next: 0%
Magic:  3/9        EV: 13    Int: 20    God:    Makhleb [......]
Gold:   46         SH:  0    Dex: 15    Spells: 5/8 levels left

rFire    . . .     SeeInvis .   m - +1 whip (venom)
rCold    . . .     Gourm    .   (no shield)
rNeg     . . .     Faith    .   h - +0 robe (curse)
rPois    .         Spirit   .   (no helmet)
rElec    .         Reflect  .   (no cloak)
rCorr    .         Harm     .   (no gloves)
MR       .....                  (no boots)
Stlth    ++........             g - amulet of rage
HPRegen  0.06/turn              (no ring)
MPRegen  0.11/turn              (no ring)

@: no status effects
A: no striking features
a: Renounce Religion, Evoke Berserk Rage


You were on level 2 of the Dungeon.
You worshipped Makhleb.
Makhleb was noncommittal.
You were not hungry.

You visited 1 branch of the dungeon, and saw 2 of its levels.

You collected 46 gold pieces.

Inventory:

Hand Weapons
 m - a +1 whip of venom (weapon)
Armour
 h - a cursed +0 robe (worn)
Jewellery
 g - an amulet of rage (around neck)
Scrolls
 a - 3 scrolls of random uselessness {unknown}
 b - a scroll of immolation {unknown}
 d - 2 scrolls of teleportation {unknown}
 e - 2 scrolls of remove curse {unknown}
 j - a scroll of amnesia {unknown}
 k - 2 scrolls of identify {unknown}
Potions
 i - a potion of lignification {unknown}
 l - a potion of degeneration {unknown}
Comestibles
 c - 4 rations
 f - 5 chunks of flesh


   Skills:
 * Level 2.5 Dodging
 * Level 2.6 Stealth
 * Level 3.3 Spellcasting
 * Level 5.2 Conjurations


You had 5 spell levels left.
You knew the following spells:

 Your Spells              Type           Power        Failure   Level  Hunger
a - Magic Dart            Conj           ###.         1%          1    None
b - Searing Ray           Conj           ###...       2%          2    ##.....

Your spell library contained the following spells:

 Spells                   Type           Power        Failure   Level  Hunger
 Dazzling Spray           Conj/Hex       ##....       14%         3    ###....
 Iskenderun's Mystic Bla  Conj           ###.....     16%         4    ####...
 Force Lance              Conj/Tloc      ##......     43%         4    ####...
 Fulminant Prism          Conj/Hex       ##........   43%         4    ####...


Dungeon Overview and Level Annotations

Branches:
Dungeon (2/15)

Altars:
Makhleb
Xom


Message History

The gnoll is heavily wounded.
The searing ray hits the gnoll.
The gnoll is moderately wounded.
The gnoll barely misses you.
The searing ray hits the gnoll!
The gnoll is almost dead.
You finish channeling your searing ray.
The gnoll hits you with a +0 whip. The gnoll barely misses you.
Casting: Searing Ray (safe; 2% risk of failure)
Confirm with . or Enter, or press ? or * to list all spells.
Aiming: Magic Dart (safe; 1% risk of failure)
Press: ? - help, Shift-Dir - straight line, f - gnoll, p - gnoll
Aim: a gnoll, wielding a +0 whip (almost dead)
The magic dart hits the gnoll.
The gnoll is almost dead.
The gnoll closely misses you. The gnoll hits you with a +0 whip!
Ouch! That really hurt!
* * * LOW HITPOINT WARNING * * *
The gnoll hits you with a +0 whip.
You die...

..####.##### ...$
#........[.# ....
##.........# .....
#.........# .w... #.........#
...... #.<รท).....## #......
#..........#### ###w.)....
######.###....######.....>...
### #.######..@g#.g.#.g.....
..# #.......###.gg###.......
_.# #######.####### .....$.
..###########..# #......
...............# #.....
################ ##### #


You could see 3 gnolls.

Vanquished Creatures
  An ooze (D:2)
  A dart slug (D:1)
  3 leopard geckos
  4 bats
  A hobgoblin (D:1)
  2 kobolds (D:1)
  3 frilled lizards (D:1)
  2 goblins (D:2)
  4 rats (D:1)
21 creatures vanquished.

Notes
Turn   | Place    | Note
-------+----------+-------------------------------------------
     0 | D:1      | troglodite the Deep Elf Conjurer began the quest for the
                  | Orb.
     0 | D:1      | Reached XP level 1. HP: 10/10 MP: 6/6
   341 | D:1      | Reached XP level 2. HP: 15/15 MP: 6/8
   507 | D:1      | Learned a level 2 spell: Searing Ray
   778 | D:2      | Reached skill level 5 in Conjurations
   797 | D:2      | Found a shimmering altar of Xom.
   839 | D:2      | Reached XP level 3. HP: 19/19 MP: 0/9
   855 | D:2      | Found a burning altar of Makhleb.
   866 | D:2      | Became a worshipper of Makhleb the Destroyer
   959 | D:2      | Slain by a gnoll

Skill      XL: |  1  2 |
---------------+-------+-----
Conjurations   | 5 |  5.2
Dodging        | |  2.5
Stealth        | |  2.6
Spellcasting   | |  3.3

Action                   || total
-------------------------++-------
Melee: Spear             ||     1
 Cast: Magic Dart        ||    39
       Searing Ray       ||     1
Armor: Robe              ||     2
Dodge: Dodged            ||    12
